 Dungeon Crawl Stone Soup version 0.20.1-1-g8b1a95d (webtiles) character file.

12733 birkhead the Covert (level 12, -3/81 HPs)
             Began as a Halfling Assassin on Nov 27, 2017.
             Was a Priest of Dithmenos.
             Shot with an arrow by a centaur (8 damage)
             ... led by a centaur warrior
             ... on level 11 of the Dungeon on Nov 28, 2017.
             The game lasted 03:53:50 (13593 turns).

birkhead the Covert (Halfling Assassin)            Turns: 13593, Time: 03:53:51

Health: -3/81      AC: 18    Str: 13    XL:     12   Next: 23%
Magic:  15/15      EV: 22    Int: 11    God:    Dithmenos [***...]
Gold:   626        SH:  0    Dex: 20    Spells: 12/15 levels left

rFire    . . .     SeeInvis +   y - +3 short sword "Asileam" {holy, MR+ Stlth+}
rCold    . . .     Gourm    .   (shield restricted)
rNeg     + . .     Faith    .   V - +1 robe of the Game of Kings {rN+ Int+2 Slay+3}
rPois    +         Spirit   .   B - +2 helmet
rElec    .         Reflect  .   l - +2 cloak {rPois}
rCorr    .         Harm     .   r - +2 pair of gloves
MR       +....                  (no boots)
Stlth    +++++++++.             (no amulet)
Regen    0.3/turn               L - +6 ring of protection
MPRegen  0.2/turn               h - ring of see invisible

@: very slightly contaminated, wreathed by umbra
A: mutation resistance 1
a: Shadow Step, Renounce Religion


You were on level 11 of the Dungeon.
You worshipped Dithmenos.
Dithmenos was most pleased with you.
You were not hungry.

You visited 2 branches of the dungeon, and saw 13 of its levels.
You also visited: Labyrinth and Ossuary.

You collected 626 gold pieces.

Inventory:

Hand Weapons
 b - a +1 blowgun
 x - a +5 hunting sling
 y - the +3 short sword "Asileam" (weapon) {holy, MR+ Stlth+}
   (You found it on level 7 of the Dungeon)

   It has been blessed by the Shining One to cause great damage to the undead
   and demons.
   It affects your resistance to hostile enchantments.
   It makes you more stealthy.
 W - a +0 war axe of venom
 X - a +0 shortbow
Missiles
 e - 17 poisoned needles
 i - 99 sling bullets
 q - 145 arrows
 t - 127 bolts
 v - 207 stones (quivered)
 I - 2 curare-tipped needles
 T - 10 tomahawks
Armour
 l - a +2 cloak of poison resistance (worn)
 r - a +2 pair of gloves (worn)
 B - a +2 helmet (worn)
 H - the +1 leather armour of Darkness {+Blink rElec rF+}
   (You found it on level 5 of the Dungeon)

   It protects you from fire.
   It insulates you from electricity.
   It lets you blink.
 K - a +0 ring mail of cold resistance
 O - the +1 robe of the Black Moon {rPois Dex+6}
   (You took it off an orc wizard on level 6 of the Dungeon)

   It affects your dexterity (+6).
   It protects you from poison.
 V - the +1 robe of the Game of Kings (worn) {rN+ Int+2 Slay+3}
   (You found it on level 10 of the Dungeon)

   It affects your intelligence (+2).
   It affects your accuracy and damage with ranged weapons and melee attacks
   (+3).
   It protects you from negative energy.
Jewellery
 h - a ring of see invisible (right hand)
 D - an uncursed ring of protection from magic
 F - an uncursed ring of wizardry
 L - a +6 ring of protection (left hand)
 Q - an uncursed ring of fire
 U - an uncursed ring of protection from magic
Wands
 d - a wand of iceblast (5/15)
 N - a wand of scattershot (6/9)
Scrolls
 k - 9 scrolls of teleportation
 z - a scroll of magic mapping
 J - a scroll of recharging
 Y - a scroll of remove curse
Potions
 c - a potion of flight
 f - a potion of degeneration {unknown}
 j - 5 potions of curing
 n - 3 potions of magic
 s - a potion of agility
 w - a potion of invisibility
 A - a potion of cancellation
 E - 2 potions of berserk rage
 M - 3 potions of brilliance
Books
 C - a book of Spatial Translocations

   Spells                             Type                      Level
   a - Blink                          Translocation                2
   b - Shroud of Golubria             Charms/Translocation         2
   c - Lesser Beckoning               Translocation                3
   d - Gell's Gravitas                Translocation                3
   e - Teleport Other                 Translocation                3
   f - Passage of Golubria            Translocation                4
 G - a book of Necromancy

   Spells                             Type                      Level
   a - Pain                           Necromancy                   1
   b - Animate Skeleton               Necromancy                   1
   c - Vampiric Draining              Necromancy                   3
   d - Regeneration                   Charms/Necromancy            3
   e - Animate Dead                   Necromancy                   4
   f - Control Undead                 Necromancy                   4
 P - a book of Air

   Spells                             Type                      Level
   a - Shock                          Conjuration/Air              1
   b - Swiftness                      Charms/Air                   2
   c - Static Discharge               Conjuration/Air              3
   d - Airstrike                      Air                          4
   e - Lightning Bolt                 Conjuration/Air              5
 R - a book of Conjurations

   Spells                             Type                      Level
   a - Magic Dart                     Conjuration                  1
   b - Searing Ray                    Conjuration                  2
   c - Dazzling Spray                 Conjuration/Hexes            3
   d - Fulminant Prism                Conjuration/Hexes            4
   e - Force Lance                    Conjuration/Translocation    4
   f - Iskenderun's Mystic Blast      Conjuration                  4
 S - a book of the Warp

   Spells                             Type                      Level
   a - Gell's Gravitas                Translocation                3
   b - Portal Projectile              Hexes/Translocation          3
   c - Force Lance                    Conjuration/Translocation    4
   d - Dispersal                      Translocation                6
   e - Controlled Blink               Translocation                8
   f - Disjunction                    Translocation                8
Comestibles
 a - 3 chunks of flesh
 g - 12 bread rations
 m - 17 royal jellies
 p - 4 meat rations
 u - 5 fruits


   Skills:
 + Level 7.4 Fighting
 + Level 9.9 Short Blades
 + Level 10.7(10.9) Slings
 - Level 3.1 Bows
 - Level 2.0(5.1) Throwing
 + Level 8.2 Dodging
 + Level 11.1 Stealth
 * Level 2.3 Spellcasting
 * Level 1.7 Hexes
 * Level 2.5 Translocations
 - Level 1.2 Invocations
 - Level 2.2 Evocations


You had 12 spell levels left.
You knew the following spells:

 Your Spells              Type           Power        Failure   Level  Hunger
a - Portal Projectile     Hex/Tloc       #.....       34%         3    ####...


Dungeon Overview and Level Annotations

Branches:
Dungeon (12/15)            Temple (1/1) D:6
   Lair: D:8-11         Orc: D:9-12

Altars:
Ashenzari
Cheibriados
Dithmenos
Elyvilon
Fedhas
Gozag
Hepliaklqana
Kikubaaqudgha
Makhleb
Nemelex Xobeh
Okawaru
Qazlal
Ru
Sif Muna
Trog
Uskayaw
Vehumet
Xom
Yredelemnul
Zin
The Shining One

Annotations:
D:12 ucho's ghost, journeyman MiBe


Innate Abilities, Weirdness & Mutations

You are small and have problems with some larger weapons.
You are somewhat resistant to further mutation.


Message History

As you read the scroll of summoning, it crumbles to dust.
Wisps of shadow whirl around you...
The centaur shoots an arrow.
The arrow completely misses your black bear.
The arrow closely misses you.
The centaur wields a shortbow.
The centaur shoots an arrow.
The arrow hits your black bear!
The centaur shoots an arrow.
The arrow hits you but does no damage.
The centaur warrior shoots an arrow.
The arrow hits your black bear!
The centaur shoots an arrow.
The arrow hits your black bear.
Your black bear dies!
Your black bear's corpse dissolves into shadows!
The centaur shoots an arrow.
The arrow hits you!
* * * LOW HITPOINT WARNING * * *
The black bear closely misses you. The black bear barely misses you. x2
The centaur shoots an arrow.
The arrow hits you.
* * * LOW HITPOINT WARNING * * *
Blink to where?
Press: ? - help, Dir - move target cursor
As you read the scroll of blinking, it crumbles to dust.
The centaur shoots an arrow.
The arrow hits you!
You die...

.........# ############
.........#########..........#
.....>...........'..........#
.........#########.....c....#
.........# #.Z.(.c....#
.........#########..(ยง(c...%#
#####'##.........#....h(....#
#............'...5.O(c(.c
####........@#(.........#
##...(....#........(.#
#...................#
#...PP.P......'######
#.....P.....P...#
#......P.PP.....# #
#.....P..P....... ..
#....PP...P.... #.#
....PP...P....... ##'###


You could see a black bear, 3 centaurs, a friendly ogre, a friendly shadow imp
and a friendly centaur zombie.

Vanquished Creatures
  A minotaur (Lab)
  A hydra (D:11)
  5 two-headed ogres
  Joseph (D:8)
  A minotaur zombie (Lab)
  A hornet (D:10)
  Prince Ribbit (D:7)
  Grinder (D:5)
  A hippogriff (D:10)
  A hungry ghost (D:8)
  A soldier ant (D:10)
  A porcupine (D:11)
  Duvessa (D:7)
  7 ice beasts
  3 orc warriors
  A black bear (D:10)
  A necrophage (D:6)
  A sky beast (D:7)
  3 phantoms
  5 ogres
  3 centaurs
  A big kobold (D:11)
  7 bullfrogs
  5 scorpions
  Dowan (D:7)
  9 killer bees
  14 wights
  6 howler monkeys
  2 centaur zombies
  5 jellies
  2 quasits
  4 centaur skeletons
  Crazy Yiuf (D:3)
  A gnoll shaman (D:8)
  6 orc priests
  2 hounds
  8 orc wizards
  A bullfrog skeleton (D:6)
  Ijyb (D:3)
  Natasha (D:2)
  3 iguanas
  7 worker ants
  A killer bee zombie (D:8)
  2 big kobold zombies (Ossuary)
  2 hound zombies (D:10)
  A hound skeleton (D:7)
  Robin (D:3)
  10 gnolls
  2 howler monkey zombies
  A worker ant zombie (D:8)
  8 adders
  3 shadow imps
  7 oozes
  An adder zombie (D:6)
  A dart slug (D:4)
  8 leopard geckos
  43 orcs
  A ball python (D:6)
  7 giant cockroaches
  19 goblins
  6 hobgoblins
  5 jackals
  11 kobolds
  2 quokkas
  5 bats
  8 frilled lizards
  3 goblin zombies
  10 hobgoblin zombies (Ossuary)
  A jackal skeleton (D:4)
  2 jackal zombies
  14 kobold zombies (Ossuary)
  A leopard gecko skeleton (D:4)
  6 orc zombies
  5 rats
  2 rat zombies (Ossuary)
327 creatures vanquished.

Vanquished Creatures (others)
  An orc wizard (D:10)
  An orc (D:5)
  34 fungi (D:11)
  14 plants (D:11)
50 creatures vanquished.

Grand Total: 377 creatures vanquished

Notes
Turn   | Place    | Note
-------+----------+-------------------------------------------
     0 | D:1      | birkhead the Halfling Assassin began the quest for the Orb.
     0 | D:1      | Reached XP level 1. HP: 14/14 MP: 1/1
   359 | D:1      | Reached XP level 2. HP: 15/19 MP: 2/2
   722 | D:1      | Reached XP level 3. HP: 24/24 MP: 3/3
   871 | D:2      | Noticed an angel
   872 | D:2      | Found a shimmering altar of Xom.
   875 | D:2      | Found a glowing silver altar of Zin.
  1155 | D:2      | Found an opulent altar of Gozag.
  1295 | D:2      | Reached skill level 5 in Stealth
  1309 | D:2      | Reached XP level 4. HP: 8/30 MP: 4/4
  1507 | D:2      | Noticed Natasha
  1591 | D:2      | Killed Natasha
  1820 | D:3      | Reached XP level 5. HP: 28/36 MP: 5/5
  2079 | D:3      | Noticed Robin
  2096 | D:3      | Killed Robin
  2268 | D:3      | Reached skill level 1 in Slings
  2335 | D:3      | Reached skill level 6 in Stealth
  2354 | D:3      | Noticed Ijyb
  2389 | D:3      | Killed Ijyb
  2389 | D:3      | Reached XP level 6. HP: 38/42 MP: 6/6
  2471 | D:3      | Found a sparkling altar of Nemelex Xobeh.
  2625 | D:3      | Found a runed door.
  2630 | D:3      | Noticed Crazy Yiuf
  2639 | D:3      | Killed Crazy Yiuf
  3051 | D:4      | Found an iron altar of Okawaru.
  3148 | D:4      | Found a snail-covered altar of Cheibriados.
  3395 | D:4      | Found a sand-covered staircase.
  3416 | Ossuary  | Entered an ossuary
  3673 | Ossuary  | Reached XP level 7. HP: 45/46 MP: 7/7
  3777 | Ossuary  | Reached skill level 7 in Stealth
  4243 | D:4      | Found a basalt altar of Yredelemnul.
  4801 | D:5      | Entered Level 5 of the Dungeon
  4911 | D:5      | Reached skill level 5 in Short Blades
  4971 | D:5      | Reached skill level 1 in Spellcasting
  4971 | D:5      | Reached XP level 8. HP: 51/54 MP: 9/9
  5035 | D:5      | Found a shimmering altar of Xom.
  5157 | D:5      | Got a dazzling leather armour
  5168 | D:5      | Identified the cursed +1 leather armour of Darkness {+Blink rElec rF+} (You found it on level 5 of the Dungeon)
  5285 | D:5      | Noticed Grinder
  5315 | D:5      | Killed Grinder
  5315 | D:5      | Reached skill level 1 in Evocations
  5395 | D:5      | Reached skill level 5 in Slings
  6089 | D:6      | Reached skill level 1 in Bows
  6089 | D:6      | Reached XP level 9. HP: 55/57 MP: 10/10
  6160 | D:6      | Found a bloodstained altar of Trog.
  6283 | D:6      | Got a ripped robe
  6299 | D:6      | Identified the +1 robe of the Black Moon {rPois Dex+6} (You took it off an orc wizard on level 6 of the Dungeon)
  6350 | D:6      | Reached skill level 8 in Stealth
  6373 | D:6      | Found a staircase to the Ecumenical Temple.
  6379 | Temple   | Entered the Ecumenical Temple
  6595 | Temple   | Became a worshipper of Dithmenos the Shadowed
  6858 | D:7      | Noticed Duvessa
  6858 | D:7      | Noticed Dowan
  6860 | D:7      | Killed Dowan
  6865 | D:7      | Noticed Prince Ribbit
  6917 | D:7      | Killed Duvessa
  6943 | D:7      | Killed Prince Ribbit
  7041 | D:7      | Got an encrusted short sword
  7225 | D:7      | Got a translucent ring mail
  7331 | D:7      | Reached skill level 5 in Fighting
  7331 | D:7      | Reached skill level 1 in Invocations
  8005 | D:7      | Identified the +2 ring mail of Pamamaco {rF+} (You found it on level 7 of the Dungeon)
  8015 | D:7      | Identified the +3 short sword "Asileam" {holy, MR+ Stlth+} (You found it on level 7 of the Dungeon)
  8248 | D:8      | Reached * piety under Dithmenos
  8262 | D:8      | Noticed a two-headed ogre
  8356 | D:8      | Reached XP level 10. HP: 47/66 MP: 11/11
  8370 | D:8      | Found a bloodstained altar of Trog.
  8393 | D:8      | Reached skill level 5 in Dodging
  8395 | D:8      | Reached skill level 9 in Stealth
  8461 | D:8      | Noticed Joseph
  8481 | D:8      | Killed Joseph
  8723 | D:8      | Noticed a two-headed ogre
  8838 | D:8      | Killed a two-headed ogre
  9436 | D:9      | Reached ** piety under Dithmenos
 10165 | D:9      | Found a sparkling altar of Nemelex Xobeh.
 10203 | D:10     | Entered Level 10 of the Dungeon
 10220 | D:10     | Reached skill level 10 in Stealth
 10232 | D:10     | Reached XP level 11. HP: 72/72 MP: 12/12
 10292 | D:10     | Found a transporter.
 10304 | D:10     | Found a transporter.
 10436 | D:10     | Got a creamy pearl robe
 10496 | D:10     | Got a crude copper ring
 10504 | D:10     | Identified the ring of Orthodoxy {*Slow rC+ rN+ Dex+7} (You found it on level 10 of the Dungeon)
 10953 | D:10     | Reached *** piety under Dithmenos
 11310 | D:10     | Noticed a two-headed ogre
 11479 | D:10     | Killed a two-headed ogre
 11479 | D:10     | Reached skill level 10 in Slings
 11591 | D:11     | Found a labyrinth entrance.
 11602 | D:11     | Noticed a two-headed ogre
 11608 | D:11     | Killed a two-headed ogre
 11692 | Lab      | Entered a labyrinth
 12954 | Lab      | Noticed a minotaur
 12972 | Lab      | Killed a minotaur
 13004 | Lab      | Learned a level 3 spell: Portal Projectile
 13053 | Lab      | Identified the +1 robe of the Game of Kings {rN+ Int+2 Slay+3} (You found it on level 10 of the Dungeon)
 13207 | D:11     | Noticed a brown ugly thing
 13229 | D:11     | Noticed a two-headed ogre
 13238 | D:11     | Killed a two-headed ogre
 13238 | D:11     | Reached skill level 11 in Stealth
 13238 | D:11     | Reached skill level 1 in Hexes
 13238 | D:11     | Reached skill level 1 in Translocations
 13238 | D:11     | Reached XP level 12. HP: 58/81 MP: 14/14
 13253 | D:11     | Noticed a six-headed hydra
 13255 | D:11     | Noticed a centaur warrior
 13267 | D:11     | Noticed a two-headed ogre
 13274 | D:12     | Noticed a two-headed ogre
 13286 | D:12     | Killed a two-headed ogre
 13293 | D:12     | Noticed ucho's ghost (journeyman MiBe)
 13568 | D:11     | Killed a six-headed hydra
 13593 | D:11     | Shot with an arrow by a centaur

Skill      XL: |  1  2  3  4  5  6  7  8  9 10 11 12 |
---------------+-------------------------------------+-----
Fighting       | 2 3 4 5 6 7 |  7.4
Short Blades   | 3 4 5 7 8 9 |  9.9
Stealth        | 5 6 7 8 10 11 | 11.1
Slings         | 1 2 4 5 7 9 10 | 10.7
Dodging        | 2 3 4 6 8 |  8.2
Spellcasting   | 1 2 |  2.3
Evocations     | 2 |  2.2
Bows           | 1 3 |  3.1
Invocations    | 1 |  1.2
Hexes          | 1 |  1.7
Translocations | 1 2 |  2.5
Throwing       | |  2.0

Action                   |  1- 3 |  4- 6 |  7- 9 | 10-12 || total
-------------------------+-------+-------+-------+-------++-------
Melee: Dagger            |    89 |   131 |   538 |    14 ||   772
       Short sword       |       |       |    15 |   434 ||   449
 Fire: Blowgun           |       |    56 |    47 |    77 ||   180
       Hunting sling     |       |    75 |    66 |    83 ||   224
       Shortbow          |       |       |     9 |       ||     9
Throw: Stone             |     5 |    53 |    31 |    14 ||   103
Evoke: Wand              |       |       |       |     2 ||     2
       Fan of gales      |       |       |       |     1 ||     1
  Use: Scroll            |       |    14 |    11 |    16 ||    41
       Potion            |       |     1 |     6 |     4 ||    11
 Stab: Sleeping          |     6 |     2 |    14 |    47 ||    69
       Distracted        |     1 |       |     2 |     2 ||     5
  Eat: Chunk             |     1 |     6 |    14 |    13 ||    34
       Fruit             |       |     1 |     1 |     3 ||     5
       Meat ration       |       |       |     1 |       ||     1
Armor: Robe              |    13 |     6 |     4 |    52 ||    75
       Ring mail         |     4 |     3 |    12 |       ||    19
       Animal skin       |       |    21 |    28 |       ||    49
       Leather armour    |       |       |    73 |       ||    73
Dodge: Dodged            |    33 |    91 |   297 |   356 ||   777
